 Dungeon Crawl Stone Soup version 0.31.0-11-ge490571c62 (webtiles) character file.

Game seed: 13045892079555014709

42438 qw the Spry (level 13, -1/67 HPs)
             Began as a Spriggan Hunter on Feb 3, 2024.
             Was a High Priest of Okawaru.
             Slain by a death yak (19 damage)
             ... on level 5 of the Lair of Beasts.
             The game lasted 00:04:44 (13838 turns).

qw the Spry (Spriggan Hunter)                      Turns: 13838, Time: 00:04:45

Health: -1/67      AC:  9    Str:  7    XL:     13   Next: 85%
Magic:  21/21      EV: 36    Int: 10    God:    Okawaru [*****.]
Gold:   1557       SH:  5    Dex: 24    Spells: 12/12 levels left

rFire   . . .        b - +3 orcbow (heavy)
rCold   + . .        (shield currently unavailable)
rNeg    . . .        m - +0 steam dragon scales
rPois   +            n - +2 hat
rElec   .            l - +1 cloak
rCorr   .            (gloves unavailable)
SInv    +            (boots unavailable)
Will    ++...        q - amulet of reflection
Stlth   ++           d - ring of poison resistance
HPRegen 0.31/turn    u - ring of protection from cold
MPRegen 0.17/turn

%: reflection
@: very quick
A: very small, no large weapons, unfitting armour, see invisible, speed 3
a: Renounce Religion, Heroism, Finesse, Duel


You were on level 5 of the Lair of Beasts.
You worshipped Okawaru.
Okawaru was extremely pleased with you.
You visited 3 branches of the dungeon, and saw 17 of its levels.

You collected 1719 gold pieces.
You spent 162 gold pieces at shops.


Innate Abilities, Weirdness & Mutations

You are very small and have problems with some larger weapons.
You are too small for most types of armour.
You have supernaturally acute eyesight. (SInv)
You cover ground extremely quickly. (Speed+++)


   Skills:
 - Level 7.0 Fighting
 - Level 16.0 Ranged Weapons
 - Level 2.3 Armour
 + Level 17.3 Dodging
 - Level 1.5 Stealth
 - Level 10.0 Invocations


You had 12 spell levels left.
You didn't know any spells.
Your spell library was empty.

Inventory:

Hand Weapons
 b - a +3 heavy orcbow (weapon)
Armour
 l - a +1 cloak (worn)
 m - +0 steam dragon scales (worn)
 n - a +2 hat (worn)
Jewellery
 d - a ring of poison resistance (left hand)
 q - an amulet of reflection (around neck)
 r - a ring of fire
 u - a ring of protection from cold (right hand)
 x - a +6 ring of strength
 Y - a ring of positive energy
Wands
 f - a wand of polymorph (3)
 o - a wand of digging (11)
 t - a wand of roots (8)
 v - a wand of mindburst (4)
Scrolls
 c - a scroll of brand weapon
 j - 6 scrolls of teleportation
 s - 8 scrolls of identify
Potions
 a - a potion of heal wounds
 e - a potion of resistance
 g - 2 potions of cancellation
 h - 3 potions of enlightenment
 i - 6 potions of curing
 k - a potion of might
 p - 4 potions of mutation
 w - a potion of haste

Dungeon Overview and Level Annotations

Branches:
Dungeon (11/15)            Temple (1/1) D:6            Lair (5/5) D:11
 Shoals (0/4) Lair:3       Spider (0/4) Lair:2        Slime (0/5) Lair:5
    Orc: D:9-12

Altars:
Ashenzari
Cheibriados
Dithmenos
Elyvilon
Fedhas
Gozag
Hepliaklqana
Kikubaaqudgha
Makhleb
Nemelex Xobeh
Okawaru
Qazlal
Ru
Sif Muna
Trog
Uskayaw
Vehumet
Wu Jian
Xom
Yredelemnul
Zin
The Shining One
Jiyva

Shops:
D:1 :   D:2 (   D:3 (   D:4 [   D:6 ?   D:11 (

Portals:
Bailey: D:9

Annotations:
D:10 3 runed translucent doors, qw's ghost, novice SpHu


Message History

You shoot an arrow. The arrow hits the death yak!!!
The death yak is heavily wounded.
You hear a bellow!
The death yak misses you.
You shoot an arrow. The arrow hits the death yak!!
The death yak is almost dead.
The death yak closely misses you.
You shoot an arrow. The arrow hits the death yak!
The death yak is almost dead.
You shoot an arrow. The arrow barely misses the death yak.
The death yak completely misses you.
You shoot an arrow. The arrow hits the death yak!
You kill the death yak!
Okawaru accepts your kill. The death yak misses you.
You shoot an arrow. The arrow hits the death yak!!
The death yak is moderately wounded.
You shoot an arrow.
The arrow hits the death yak but does no damage.
The death yak is moderately wounded.
A death yak comes into view.
The death yak misses you. The catoblepas closely misses you.
You shoot an arrow. The arrow hits the death yak!
The death yak is heavily wounded.
The death yak gores you but does no damage.
You block the catoblepas's attack.
You shoot an arrow. The arrow hits the death yak!!
The death yak is severely wounded.
You block the death yak's attack. The catoblepas misses you.
The catoblepas gores you!! The death yak barely misses you.
You shoot an arrow. The arrow hits the death yak.
The death yak is severely wounded.
You block the catoblepas's attack. The death yak misses you.
You shoot an arrow. The arrow hits the death yak.
The death yak is severely wounded.
You block the catoblepas's attack. The death yak gores you!!
You shoot an arrow. The arrow hits the death yak!!
The death yak is almost dead.
The catoblepas closely misses you. The death yak gores you!!
You die...

# ## ##
###.
.##
####P..
.P#
.....P
..#
#..P.
.## ..Y
## #Y##
# #Y@##
#
##..##
#..P#
#...#
#...#
#...#
#..##
##..#
#...#


You could see 2 death yaks and a catoblepas.

Vanquished Creatures
  A hydra (Lair:4)
  A catoblepas (Lair:5)
  10 death yaks (Lair:5)
  A boulder beetle (Lair:3)
  A sun demon (D:10)
  Sonja (Lair:2)
  2 skysharks
  A soul eater (D:10)
  2 ugly things (D:11)
  An oklob plant (Lair:1)
  4 elephants (Lair:5)
  A manticore (D:7)
  5 black mambas
  A gargoyle (D:10)
  9 cane toads
  An unseen horror (D:7)
  2 rime drakes
  An ice devil (D:10)
  2 kobold demonologists
  9 komodo dragons
  3 trolls
  3 polar bears
  A red devil (D:10)
  3 hornets
  8 blink frogs
  11 dream sheep
  2 wraiths (D:11)
  A vampire (D:11)
  43 yaks
  2 wyverns
  2 basilisks (Lair:1)
  3 vampire mosquitoes (D:11)
  4 redbacks (Lair:2)
  3 steam dragons
  Menkaure (D:5)
  16 water moccasins
  4 ice beasts
  4 orc warriors (D:10)
  2 sky beasts (D:6)
  3 black bears
  5 ogres
  13 wolves
  3 boggarts (D:11)
  3 centaurs
  A phantom (D:7)
  10 bullfrogs
  2 gnoll sergeants
  2 scorpions
  A water moccasin zombie (D:4)
  5 killer bees (D:9)
  2 electric eels (Lair:4)
  3 howler monkeys (D:7)
  A bullfrog zombie (D:4)
  A hound (D:6)
  3 orc priests
  2 bombardier beetles
  Ijyb (D:3)
  5 iguanas
  5 orc wizards
  10 hell rats
  2 hound skeletons (D:4)
  10 gnolls
  3 adders
  A shadow imp (D:10)
  2 white imps (D:6)
  3 ufetubi
  4 adder skeletons (D:4)
  An adder zombie (D:4)
  4 ribbon worms
  47 orcs
  5 ball pythons
  7 endoplasms
  3 giant cockroaches
  6 goblins
  7 hobgoblins
  7 jackals
  7 kobolds
  3 quokkas
  4 bats
  2 frilled lizards (D:3)
  3 rats
384 creatures vanquished.

Notes
Turn   | Place    | Note
-------+----------+-------------------------------------------
     0 | D:1      | qw the Spriggan Hunter began the quest for the Orb.
     0 | D:1      | Reached XP level 1. HP: 10/10 MP: 2/2
     0 | D:1      | 0 ||| qw: Version: 0.3-a-155-g5e7d8dd
     0 | D:1      | 0 ||| qw: Game counter: 3438
     0 | D:1      | 0 ||| qw: Melee chars always use a shield: true
     0 | D:1      | 0 ||| qw: God list: Okawaru
     0 | D:1      | 0 ||| qw: Allow faded altars: false
     0 | D:1      | 0 ||| qw: Do Orc after clearing Dungeon:15 true
     0 | D:1      | 0 ||| qw: Do second Lair branch before Depths: true
     0 | D:1      | 0 ||| qw: Lair rune preference: random
     0 | D:1      | 0 ||| qw: Goals: Normal
     0 | D:1      | 0 ||| PLANNING D:1-11
    88 | D:1      | 88 ||| SWAPPING to +0 orcbow.
    89 | D:1      | 89 ||| DROPPING +0 shortbow.
    96 | D:1      | Reached skill level 3 in Dodging
   185 | D:1      | Found Mehetusi's Book Boutique.
   207 | D:1      | Reached XP level 2. HP: 14/14 MP: 3/3
   223 | D:1      | Reached skill level 4 in Dodging
   520 | D:1      | Reached XP level 3. HP: 18/18 MP: 4/4
   633 | D:1      | 633 ||| READING scroll labelled XEOTOD TAXYAHO.
   734 | D:1      | 734 ||| READING scroll labelled JUBBAV BUCIA.
   734 | D:1      | 734 ||| IDENTIFYING yellow potion
   735 | D:1      | 735 ||| READING scroll labelled ZEZOUJ HUSIPT.
   836 | D:1      | 836 ||| READING scroll labelled WASKUO UDIR.
   841 | D:1      | 841 ||| DRINKING 2 fuming yellow potions.
   842 | D:1      | 842 ||| DROPPING scroll of butterflies.
  1197 | D:2      | Found Zeufem's Antique Weapon Boutique.
  1513 | D:2      | 1513 ||| UPGRADING to ring of poison resistance.
  1514 | D:2      | 1514 ||| READING scroll of identify.
  1514 | D:2      | 1514 ||| IDENTIFYING purple potion
  1515 | D:2      | 1515 ||| READING scroll labelled HIDDAF GATIAZE.
  1515 | D:2      | Identified a scroll of acquirement
  1515 | D:2      | 1515 ||| ACQUIRING +3 orcbow of flaming
  1515 | D:2      | Acquired a +3 orcbow of flaming
  1517 | D:2      | 1517 ||| SWAPPING to +3 orcbow of flaming.
  1518 | D:2      | 1518 ||| DROPPING +0 orcbow.
  1590 | D:3      | Reached XP level 4. HP: 22/22 MP: 5/5
  1596 | D:3      | Found Ynud's Antique Weapon Shop.
  1661 | D:3      | Noticed Ijyb
  1675 | D:3      | Killed Ijyb
  1679 | D:3      | 1679 ||| FLEEEEING.
  1680 | D:3      | 1680 ||| FLEEEEING.
  1681 | D:3      | 1681 ||| FLEEEEING.
  1682 | D:3      | 1682 ||| FLEEEEING.
  1683 | D:3      | 1683 ||| FLEEEEING.
  1684 | D:3      | 1684 ||| FLEEEEING.
  1685 | D:3      | 1685 ||| FLEEEEING.
  1686 | D:3      | 1686 ||| FLEEEEING.
  1687 | D:3      | 1687 ||| FLEEEEING.
  1688 | D:3      | 1688 ||| FLEEEEING.
  1689 | D:3      | 1689 ||| FLEEEEING.
  1690 | D:3      | 1690 ||| FLEEEEING.
  1691 | D:3      | 1691 ||| FLEEEEING.
  1692 | D:3      | 1692 ||| FLEEEEING.
  1810 | D:3      | Reached skill level 5 in Dodging
  1895 | D:3      | You fall into a shaft and drop 2 floors!
  1895 | D:5      | Entered Level 5 of the Dungeon
  1897 | D:5      | 1897 ||| UPGRADING to +2 hat.
  1902 | D:5      | 1902 ||| READING 2 scrolls of identify.
  1902 | D:5      | 1902 ||| IDENTIFYING clear potion
  1903 | D:5      | 1903 ||| READING scroll of identify.
  1903 | D:5      | 1903 ||| IDENTIFYING amethyst potion
  1904 | D:5      | 1904 ||| DROPPING potion of magic.
  1936 | D:4      | Reached XP level 5. HP: 26/26 MP: 6/6
  1979 | D:4      | Noticed an ice beast
  1980 | D:4      | 1980 ||| DRINKING potion of haste.
  1988 | D:4      | Killed an ice beast
  1989 | D:4      | Reached skill level 6 in Ranged Weapons
  1989 | D:4      | Reached XP level 6. HP: 30/30 MP: 7/7
  2024 | D:4      | Reached skill level 6 in Dodging
  2275 | D:4      | 2275 ||| READING 5 scrolls of identify.
  2275 | D:4      | 2275 ||| IDENTIFYING orange potion
  2276 | D:4      | 2276 ||| READING 4 scrolls of identify.
  2276 | D:4      | 2276 ||| IDENTIFYING ruby potion
  2277 | D:4      | 2277 ||| READING 3 scrolls of identify.
  2277 | D:4      | 2277 ||| IDENTIFYING emerald potion
  2278 | D:4      | 2278 ||| READING 2 scrolls of identify.
  2278 | D:4      | 2278 ||| IDENTIFYING scroll labelled OSADDUUZARR
  2279 | D:4      | 2279 ||| DROPPING scroll of poison.
  2280 | D:4      | 2280 ||| DROPPING potion of invisibility.
  2281 | D:4      | 2281 ||| DROPPING potion of ambrosia.
  2611 | D:3      | 2611 ||| READING 2 scrolls of identify.
  2611 | D:3      | 2611 ||| IDENTIFYING blue potion
  2612 | D:3      | 2612 ||| DROPPING potion of attraction.
  2644 | D:4      | Reached XP level 7. HP: 35/35 MP: 8/8
  2741 | D:4      | Found Isoppiw's Antique Armour Boutique.
  3014 | D:5      | Reached skill level 7 in Dodging
  3092 | D:5      | Noticed Menkaure
  3096 | D:5      | Killed Menkaure
  3218 | D:5      | Reached XP level 8. HP: 39/39 MP: 9/9
  3277 | D:5      | Found a sparkling altar of Nemelex Xobeh.
  3278 | D:5      | Found a white marble altar of Elyvilon.
  3368 | D:5      | Identified the +3 whip of Profit {flame, rC+}
  3512 | D:5      | 3512 ||| UPGRADING to +0 cloak.
  3517 | D:5      | 3517 ||| READING scroll of identify.
  3517 | D:5      | 3517 ||| IDENTIFYING fuming purple potion
  3563 | D:6      | Reached skill level 8 in Dodging
  3628 | D:6      | Reached skill level 3 in Fighting
  3665 | D:6      | Found a staircase to the Ecumenical Temple.
  3666 | D:6      | 3666 ||| PLANNING TEMPLE
  3677 | Temple   | Entered the Ecumenical Temple
  3678 | Temple   | 3678 ||| PLANNING OKAWARU WORSHIP
  3686 | Temple   | Became a worshipper of Warmaster Okawaru
  3687 | Temple   | 3687 ||| PLANNING D:1-11
  3910 | D:6      | Reached skill level 9 in Ranged Weapons
  4116 | D:6      | Found Viopaf's Magic Scroll Emporium.
  4127 | D:6      | 4127 ||| SHOPLISTING 2 scrolls of enchant weapon (195 gold,
                  | have 194).
  4127 | D:6      | 4127 ||| BUYING scroll of enchant armour (97 gold).
  4127 | D:6      | Bought a scroll of enchant armour for 97 gold pieces
  4127 | D:6      | 4127 ||| BUYING scroll of identify (26 gold).
  4127 | D:6      | Bought a scroll of identify for 26 gold pieces
  4127 | D:6      | 4127 ||| BUYING scroll of teleportation (39 gold).
  4127 | D:6      | Bought a scroll of teleportation for 39 gold pieces
  4127 | D:6      | 4127 ||| SHOPLISTING scroll of teleportation (39 gold, have
                  | 32).
  4127 | D:6      | 4127 ||| READING scroll of enchant armour.
  4127 | D:6      | 4127 ||| ENCHANTING +0 cloak.
  4172 | D:6      | Found a shimmering altar of Xom.
  4182 | D:6      | Reached skill level 9 in Dodging
  4292 | D:6      | Reached * piety under Okawaru
  4295 | D:6      | Reached skill level 1 in Invocations
  4603 | D:6      | 4603 ||| READING 3 scrolls of identify.
  4603 | D:6      | 4603 ||| IDENTIFYING bubbling coppery potion
  4604 | D:6      | 4604 ||| READING 2 scrolls of identify.
  4604 | D:6      | 4604 ||| IDENTIFYING scroll labelled GUANOFF XOSILE
  4605 | D:6      | 4605 ||| READING scroll of brand weapon.
  4605 | D:6      | 4605 ||| BRANDING +3 orcbow of flaming.
  4606 | D:6      | 4606 ||| READING scroll of identify.
  4606 | D:6      | 4606 ||| IDENTIFYING scroll labelled JERGHAA JIRCH
  4607 | D:6      | 4607 ||| READING scroll labelled DIFOTSINOT.
  4608 | D:6      | 4608 ||| DROPPING potion of berserk rage.
  4609 | D:6      | 4609 ||| DROPPING scroll of fear.
  4712 | D:7      | Reached XP level 9. HP: 44/44 MP: 11/11
  4800 | D:7      | Found a stormy altar of Qazlal.
  4811 | D:7      | Found a burning altar of Makhleb.
  4811 | D:7      | Found an ornate altar of the Wu Jian Council.
  4811 | D:7      | Found a glowing golden altar of the Shining One.
  4816 | D:7      | Found a radiant altar of Vehumet.
  5044 | D:7      | 5044 ||| Stepping ~*~*~tactically~*~*~ (cloud).
  5051 | D:7      | Reached skill level 3 in Invocations
  5345 | D:7      | Noticed an unseen horror
  5346 | D:7      | 5346 ||| INVOKING Heroism.
  5354 | D:7      | Killed an unseen horror
  5354 | D:7      | Reached ** piety under Okawaru
  5355 | D:7      | Reached skill level 10 in Dodging
  5409 | D:7      | Noticed a troll
  5410 | D:7      | 5410 ||| INVOKING Heroism.
  5414 | D:7      | Killed a troll
  5436 | D:7      | Noticed a manticore
  5445 | D:7      | 5445 ||| INVOKING Heroism.
  5446 | D:7      | Killed a manticore
  5650 | D:7      | 5650 ||| UPGRADING to amulet of reflection.
  5655 | D:7      | 5655 ||| READING 3 scrolls of identify.
  5655 | D:7      | 5655 ||| IDENTIFYING golden potion
  5656 | D:7      | 5656 ||| READING 2 scrolls of identify.
  5656 | D:7      | 5656 ||| IDENTIFYING black potion
  6318 | D:8      | 6318 ||| READING scroll of identify.
  6318 | D:8      | 6318 ||| IDENTIFYING scroll labelled CUKKOR UCKO
  6319 | D:8      | 6319 ||| DROPPING scroll of revelation.
  6485 | D:9      | Found a flagged portal.
  6652 | D:9      | 6652 ||| Stepping ~*~*~tactically~*~*~ (cloud).
  6654 | D:9      | Reached skill level 11 in Dodging
  6747 | D:9      | 6747 ||| RETREEEEATING.
  6750 | D:9      | 6750 ||| RETREEEEATING.
  6751 | D:9      | 6751 ||| RETREEEEATING.
  6752 | D:9      | 6752 ||| RETREEEEATING.
  6753 | D:9      | 6753 ||| RETREEEEATING.
  6754 | D:9      | 6754 ||| RETREEEEATING.
  6755 | D:9      | 6755 ||| RETREEEEATING.
  6756 | D:9      | 6756 ||| RETREEEEATING.
  6787 | D:9      | Reached *** piety under Okawaru
  6788 | D:9      | Reached XP level 10. HP: 50/50 MP: 14/14
  6838 | D:9      | 6838 ||| RETREEEEATING.
  7188 | D:9      | 7188 ||| UPGRADING to +0 steam dragon scales.
  7198 | D:9      | 7198 ||| DROPPING +0 robe.
  7199 | D:9      | 7199 ||| DROPPING amulet of magic regeneration.
  7233 | D:10     | Entered Level 10 of the Dungeon
  7296 | D:10     | Reached skill level 1 in Armour
  7296 | D:10     | HP: 9/50 [orc priest/divine providence (15)]
  7297 | D:10     | 7297 ||| READING 6 scrolls of teleportation.
  7298 | D:10     | 7298 ||| DRINKING 3 potions of heal wounds.
  7375 | D:10     | Noticed a gargoyle
  7376 | D:10     | 7376 ||| INVOKING Heroism.
  7382 | D:10     | Killed a gargoyle
  7510 | D:10     | 7510 ||| RETREEEEATING.
  7513 | D:10     | 7513 ||| RETREEEEATING.
  7516 | D:10     | 7516 ||| RETREEEEATING.
  7521 | D:10     | 7521 ||| RETREEEEATING.
  7523 | D:10     | Reached skill level 12 in Dodging
  7569 | D:10     | 7569 ||| RETREEEEATING.
  7570 | D:10     | 7570 ||| RETREEEEATING.
  7572 | D:10     | 7572 ||| RETREEEEATING.
  7580 | D:10     | 7580 ||| RETREEEEATING.
  7585 | D:10     | 7585 ||| INVOKING Heroism.
  7592 | D:10     | Reached skill level 12 in Ranged Weapons
  7593 | D:10     | Reached **** piety under Okawaru
  7825 | D:10     | Found a runed translucent gate.
  7826 | D:10     | Found a runed translucent gate.
  7827 | D:10     | Found a runed translucent gate.
  7848 | D:10     | Noticed a soul eater
  7849 | D:10     | 7849 ||| INVOKING Finesse.
  7872 | D:10     | Killed a soul eater
  7873 | D:10     | Reached skill level 13 in Dodging
  8004 | D:10     | Reached XP level 11. HP: 42/54 MP: 16/16
  8044 | D:10     | Noticed a sun demon
  8045 | D:10     | 8045 ||| RETREEEEATING.
  8048 | D:10     | 8048 ||| RETREEEEATING.
  8049 | D:10     | 8049 ||| RETREEEEATING.
  8050 | D:10     | 8050 ||| RETREEEEATING.
  8052 | D:10     | 8052 ||| RETREEEEATING.
  8054 | D:10     | 8054 ||| INVOKING Finesse.
  8055 | D:10     | 8055 ||| INVOKING Heroism.
  8060 | D:10     | Killed a sun demon
  8175 | D:10     | Reached skill level 6 in Invocations
  8281 | D:10     | Noticed qw's ghost (novice SpHu)
  8494 | D:10     | 8494 ||| UPGRADING to ring of positive energy.
  8559 | D:11     | 8559 ||| RETREEEEATING.
  8566 | D:11     | 8566 ||| RETREEEEATING.
  8567 | D:11     | 8567 ||| RETREEEEATING.
  8651 | D:11     | Reached ***** piety under Okawaru
  8704 | D:11     | Noticed a white ugly thing
  8705 | D:11     | 8705 ||| DRINKING potion of resistance.
  8706 | D:11     | 8706 ||| INVOKING Finesse.
  8707 | D:11     | 8707 ||| INVOKING Heroism.
  8710 | D:11     | Killed a white ugly thing
  8843 | D:11     | Found Leavak's Antique Weapon Shoppe.
  8850 | D:11     | 8850 ||| INVOKING Finesse.
  8851 | D:11     | 8851 ||| RETREEEEATING.
  8931 | D:11     | 8931 ||| RETREEEEATING.
  9021 | D:11     | Noticed a green ugly thing
  9022 | D:11     | 9022 ||| INVOKING Finesse.
  9030 | D:11     | Killed a green ugly thing
  9169 | D:11     | Found a staircase to the Lair.
  9349 | D:11     | 9349 ||| PLANNING LAIR
  9349 | D:11     | 9349 ||| UPGRADING to ring of protection from cold.
  9351 | D:11     | 9351 ||| READING 3 scrolls of identify.
  9351 | D:11     | 9351 ||| IDENTIFYING inky potion
  9352 | D:11     | 9352 ||| DROPPING potion of brilliance.
  9410 | Lair:1   | Entered Level 1 of the Lair of Beasts
  9442 | Lair:1   | 9442 ||| RETREEEEATING.
  9444 | Lair:1   | 9444 ||| RETREEEEATING.
  9467 | Lair:1   | Received a gift from Okawaru
  9484 | Lair:1   | Reached skill level 14 in Dodging
  9588 | Lair:1   | Noticed an oklob plant
  9599 | Lair:1   | 9599 ||| INVOKING Finesse.
  9603 | Lair:1   | Killed an oklob plant
  9604 | Lair:1   | Reached skill level 9 in Invocations
  9604 | Lair:1   | Reached XP level 12. HP: 41/60 MP: 13/19
 10516 | Lair:2   | Found a hole to the Spider Nest.
 10539 | Lair:2   | Noticed Sonja
 10540 | Lair:2   | Killed Sonja
 10550 | Lair:2   | Received a gift from Okawaru
 10853 | Lair:2   | 10853 ||| DROPPING +6 ring of intelligence.
 10868 | Lair:3   | Found a staircase to the Shoals.
 10921 | Lair:3   | Noticed a boulder beetle
 10922 | Lair:3   | 10922 ||| INVOKING Finesse.
 10928 | Lair:3   | Killed a boulder beetle
 10929 | Lair:3   | Reached skill level 15 in Dodging
 11210 | Lair:3   | 11210 ||| RETREEEEATING.
 11219 | Lair:3   | 11219 ||| INVOKING Finesse.
 11220 | Lair:3   | 11220 ||| INVOKING Heroism.
 11443 | Lair:3   | 11443 ||| READING scroll of acquirement.
 11443 | Lair:3   | 11443 ||| ACQUIRING 883 gold pieces
 11443 | Lair:3   | Acquired 883 gold pieces
 11567 | Lair:3   | 11567 ||| READING 8 scrolls of identify.
 11567 | Lair:3   | 11567 ||| IDENTIFYING scroll labelled WAX UFIAPAIW
 11568 | Lair:3   | 11568 ||| READING 7 scrolls of identify.
 11568 | Lair:3   | 11568 ||| IDENTIFYING scroll labelled CUIFALL FOGH
 11569 | Lair:3   | 11569 ||| DROPPING scroll of torment.
 11570 | Lair:3   | 11570 ||| DROPPING scroll of noise.
 11632 | Lair:4   | 11632 ||| INVOKING Finesse.
 11633 | Lair:4   | 11633 ||| INVOKING Heroism.
 11635 | Lair:4   | Reached skill level 6 in Fighting
 11883 | Lair:4   | 11883 ||| RETREEEEATING.
 11884 | Lair:4   | 11884 ||| RETREEEEATING.
 11886 | Lair:4   | 11886 ||| RETREEEEATING.
 11887 | Lair:4   | 11887 ||| RETREEEEATING.
 11889 | Lair:4   | 11889 ||| RETREEEEATING.
 11890 | Lair:4   | 11890 ||| RETREEEEATING.
 11891 | Lair:4   | 11891 ||| RETREEEEATING.
 11892 | Lair:4   | 11892 ||| RETREEEEATING.
 11893 | Lair:4   | 11893 ||| RETREEEEATING.
 11894 | Lair:4   | 11894 ||| RETREEEEATING.
 11895 | Lair:4   | 11895 ||| RETREEEEATING.
 11896 | Lair:4   | 11896 ||| RETREEEEATING.
 11897 | Lair:4   | 11897 ||| RETREEEEATING.
 11898 | Lair:4   | 11898 ||| RETREEEEATING.
 11899 | Lair:4   | 11899 ||| RETREEEEATING.
 11900 | Lair:4   | 11900 ||| INVOKING Finesse.
 12043 | Lair:4   | Noticed a five-headed hydra
 12044 | Lair:4   | 12044 ||| INVOKING Finesse.
 12047 | Lair:4   | Killed a five-headed hydra
 12048 | Lair:4   | Reached XP level 13. HP: 65/65 MP: 15/21
 12360 | Lair:4   | 12360 ||| RETREEEEATING.
 12361 | Lair:4   | 12361 ||| RETREEEEATING.
 12362 | Lair:4   | 12362 ||| RETREEEEATING.
 12363 | Lair:4   | 12363 ||| RETREEEEATING.
 12364 | Lair:4   | 12364 ||| RETREEEEATING.
 12366 | Lair:4   | Reached skill level 15 in Ranged Weapons
 12592 | Lair:4   | 12592 ||| READING 8 scrolls of identify.
 12592 | Lair:4   | 12592 ||| IDENTIFYING scroll labelled SOARYXI CEDESUX
 12593 | Lair:4   | 12593 ||| DROPPING scroll of blinking.
 12622 | Lair:5   | Entered Level 5 of the Lair of Beasts
 12648 | Lair:5   | 12648 ||| RETREEEEATING.
 12649 | Lair:5   | 12649 ||| RETREEEEATING.
 12650 | Lair:5   | 12650 ||| RETREEEEATING.
 12651 | Lair:5   | 12651 ||| RETREEEEATING.
 12652 | Lair:5   | 12652 ||| RETREEEEATING.
 12653 | Lair:5   | 12653 ||| RETREEEEATING.
 12655 | Lair:5   | 12655 ||| RETREEEEATING.
 12658 | Lair:5   | 12658 ||| RETREEEEATING.
 12659 | Lair:5   | 12659 ||| RETREEEEATING.
 12778 | Lair:5   | Reached skill level 16 in Dodging
 12889 | Lair:5   | 12889 ||| INVOKING Finesse.
 13136 | Lair:5   | 13136 ||| RETREEEEATING.
 13142 | Lair:5   | 13142 ||| RETREEEEATING.
 13143 | Lair:5   | 13143 ||| RETREEEEATING.
 13144 | Lair:5   | 13144 ||| RETREEEEATING.
 13145 | Lair:5   | 13145 ||| RETREEEEATING.
 13146 | Lair:5   | 13146 ||| RETREEEEATING.
 13147 | Lair:5   | 13147 ||| RETREEEEATING.
 13148 | Lair:5   | 13148 ||| RETREEEEATING.
 13150 | Lair:5   | 13150 ||| RETREEEEATING.
 13152 | Lair:5   | 13152 ||| RETREEEEATING.
 13180 | Lair:5   | HP: 14/65 [death yak (17)]
 13181 | Lair:5   | 13181 ||| READING 8 scrolls of teleportation.
 13182 | Lair:5   | 13182 ||| DRINKING 2 potions of heal wounds.
 13276 | Lair:5   | HP: 16/65 [death yak (22)]
 13277 | Lair:5   | 13277 ||| READING 7 scrolls of teleportation.
 13445 | Lair:5   | 13445 ||| RETREEEEATING.
 13446 | Lair:5   | 13446 ||| RETREEEEATING.
 13454 | Lair:5   | 13454 ||| RETREEEEATING.
 13456 | Lair:5   | 13456 ||| RETREEEEATING.
 13457 | Lair:5   | 13457 ||| RETREEEEATING.
 13459 | Lair:5   | 13459 ||| RETREEEEATING.
 13461 | Lair:5   | 13461 ||| RETREEEEATING.
 13464 | Lair:5   | 13464 ||| RETREEEEATING.
 13475 | Lair:5   | Received a gift from Okawaru
 13636 | Lair:5   | Found a staircase to the Slime Pits.
 13638 | Lair:5   | Found a viscous altar of Jiyva.
 13779 | Lair:5   | Reached skill level 17 in Dodging
 13838 | Lair:5   | Slain by a death yak

Levels and vault maps discovered:
D:1:      dpeg_arrival_castle, layout_loops_ring, serial_shops, shop,
          nicolae_wormholes
D:2:      layout_basic, serial_shops, shop
D:3:      layout_loops_ring, serial_shops,
          nicolae_shop_competitors_out_of_business, uniq_ijyb
D:4:      layout_basic, serial_shops, nicolae_shop_advertising_works
          [nicolae_subvault_shop_adworks], serial_undead, serial_undead_c,
          serial_undead_f, serial_undead_b, serial_undead_d,
          minmay_misc_feat_secret_circle
D:5:      layout_loops_ring, mainiacjoe_overflow_divided_tiny, uniq_menkaure
D:6:      layout_loops_corners, mainiacjoe_overflow_paths,
          minmay_temple_entry_large_hall, serial_shops,
          nicolae_shop_window_shopping, kennysheep_cross_bottleneck,
          chequers_serial_rivers_large_b, kennysheep_generic_room_11
D:7:      layout_cave_pods, minitemple, minmay_three_doors
D:8:      layout_loops_ring
D:9:      layout_stronghold, enter_bailey_5, minmay_misc_feat_encased
D:10:     layout_roguey, special_room [special_room_orc], gammafunk_ghost_icy,
          minmay_misc_feat_more_columns, nicolae_demonic_statue_gallery
D:11:     layout_long_grid, lair_entry_dummy, serial_shops, shop
Temple:   eino_temple_lava
Lair:1:   minmay_lair_oklob_chamber, layout_misc_corridors, minivault_27,
          grunt_megastairs_5
Lair:2:   layout_chaotic_city, spider_nest_entry_webs,
          grunt_forest_large_clearings, uniq_sonja
Lair:3:   layout_misc_corridors, elwin_shoals_entry_rocks,
          infiniplex_staircase_pool_2, serial_bayou_shore_a
Lair:4:   layout_cave_pods, eino_small_chamber_without_monster,
          nicolae_quartered_pool_super
Lair:5:   grunt_lair_end_beastmaster, layout_cave_pods, slime_entry_1,
          serial_bayou_pond_c

Skill      XL: |  1  2  3  4  5  6  7  8  9 10 11 12 13 |
---------------+----------------------------------------+-----
Dodging        | 3 4 5 6 7 9 11 13 14 15 17 | 17.3
Ranged Weapons | 5 6 7 8 9 10 12 13 14 16 | 16.0
Fighting       | 2 3 4 5 6 7 |  7.0
Invocations    | 2 4 5 9 10 | 10.0
Armour         | 1 2 |  2.3
Stealth        | |  1.5

Action                     |  1- 3 |  4- 6 |  7- 9 | 10-12 | 13-15 || total
---------------------------+-------+-------+-------+-------+-------++-------
  Melee: Unarmed           |       |     6 |       |       |       ||     6
   Fire: Orcbow            |    89 |    95 |   186 |   587 |   267 ||  1224
         Shortbow          |     3 |       |       |       |       ||     3
 Invoke: Heroism           |       |       |     3 |     6 |       ||     9
         Finesse           |       |       |       |    11 |     1 ||    12
    Use: Scroll            |     6 |     7 |    10 |     5 |     3 ||    31
         Potion            |     1 |     1 |       |     2 |     1 ||     5
   Stab: Confused          |       |     3 |       |       |       ||     3
 Armour: Robe              |     5 |     4 |    19 |     5 |       ||    33
         Steam dragon scal |       |       |       |    49 |    33 ||    82
  Dodge: Dodged            |    22 |    20 |    90 |   265 |   139 ||   536
  Block: Other             |       |       |     6 |    69 |    34 ||   109
         Reflection        |       |       |     1 |     1 |       ||     2

Table legend:
 A = Non-vault XP
 B = Vault XP
 C = Vault XP percentage of total XP
 D = Non-vault monster count
 E = Vault monster count
 F = Vault count percentage of total count
                 A         B        C        D         E       F
            +---------+---------+-------+---------+---------+-------
      Total |   48076 |   12551 |  20.7 |     311 |      73 |  19.0
            +---------+---------+-------+---------+---------+-------
        D:1 |      38 |       8 |  17.4 |      22 |       2 |   8.3
        D:2 |      22 |       0 |   0.0 |      10 |       0 |   0.0
        D:3 |      56 |      35 |  38.5 |      21 |       1 |   4.5
        D:4 |     406 |     190 |  31.9 |      18 |       9 |  33.3
        D:5 |     533 |     172 |  24.4 |      12 |       1 |   7.7
        D:6 |    1237 |      10 |   0.8 |      15 |       1 |   6.2
        D:7 |    1231 |     797 |  39.3 |      10 |       3 |  23.1
        D:8 |     204 |       0 |   0.0 |       5 |       0 |   0.0
        D:9 |    1281 |       7 |   0.5 |      16 |       4 |  20.0
       D:10 |    4262 |    2556 |  37.5 |      32 |      30 |  48.4
       D:11 |    6367 |       0 |   0.0 |      28 |       0 |   0.0
     Lair:1 |    3174 |    1504 |  32.2 |      11 |       6 |  35.3
     Lair:2 |    2956 |    1762 |  37.3 |      20 |       7 |  25.9
     Lair:3 |    4186 |       0 |   0.0 |      17 |       0 |   0.0
     Lair:4 |    6881 |       0 |   0.0 |      29 |       0 |   0.0
     Lair:5 |   15242 |    5510 |  26.6 |      45 |       9 |  16.7
            +---------+---------+-------+---------+---------+-------
